 Dungeon Crawl Stone Soup version 0.29-a0-555-g3b24f45cc1 (webtiles) character file.

Game seed: 17153560963312569900

12 Hubjo the Insei (level 2, 0/21 HPs)
             Began as a Demonspawn Transmuter on June 7, 2022.
             Frozen to death by an endoplasm (4 damage)
             ... on level 1 of the Dungeon.
             The game lasted 00:00:44 (590 turns).

Hubjo the Insei (Demonspawn Transmuter)              Turns: 590, Time: 00:00:45

Health: 0/21       AC:  2    Str: 10    XL:     2   Next: 20%
Magic:  14/14      EV: 12    Int: 14    God:
Gold:   52         SH:  0    Dex: 13    Spells: 4/5 levels left

rFire   + . .      SeeInvis .     - Unarmed
rCold   . . .      Faith    .   (no shield)
rNeg    . . .      Spirit   .   a - +0 robe
rPois   .          Reflect  .   (helmet restricted)
rElec   .          Harm     .   (no cloak)
rCorr   .          Rampage  .   (no gloves)
Will    .....                   (no boots)
Stlth   +.........              (no amulet)
HPRegen 0.07/turn               c - ring of magical power
MPRegen 0.14/turn               d - ring of protection from fire

@: no status effects
A: antennae 1
a: no special abilities


You were on level 1 of the Dungeon.
You visited 1 branch of the dungeon, and saw 1 of its levels.

You collected 52 gold pieces.

Inventory:

Armour
 a - a +0 robe (worn)
Jewellery
 c - a ring of magical power (left hand)
 d - a ring of protection from fire (right hand)
Scrolls
 e - a scroll of noise {unknown}
 f - a scroll of blinking {unknown}
Potions
 b - 3 potions of lignification


   Skills:
 * Level 1.5 Fighting
 - Level 1.7 Dodging
 + Level 0.5 Stealth
 + Level 2.8 Unarmed Combat
 + Level 2.1 Spellcasting
 + Level 2.0 Transmutations


You had 4 spell levels left.
You knew the following spells:

 Your Spells              Type           Power      Damage    Failure   Level
a - Beastly Appendage     Tmut           14%        N/A       11%         1

Your spell library contained the following spells:

 Spells                   Type           Power      Damage    Failure   Level
 Wereblood                Tmut           7%         N/A       16%         2
 Passwall                 Tmut/Erth      3%         N/A       24%         2
 Ensorcelled Hibernation  Hex/Ice        2%         N/A       34%         2
 Static Discharge         Conj/Air       1%         N/A       34%         2
 Spider Form              Tmut/Pois      4%         N/A       43%         3
 Frozen Ramparts          Ice            2%         1d2       56%         3
 Swiftness                Air            1%         N/A       56%         3
 Ice Form                 Ice/Tmut       4%         N/A       83%         4
 Dispel Undead            Necr           1%         3d6       93%         4
 Sticky Flame             Conj/Fire      1%         2d3       93%         4
 Summon Ice Beast         Ice/Summ       1%         N/A       93%         4


Dungeon Overview and Level Annotations

Branches:
Dungeon (1/15)

Altars:


Innate Abilities, Weirdness & Mutations

You have a pair of small antennae on your head.


Message History

Your talons disappear.
Key pressed, stopping explore.
No target in view!
No target in view!
Magic restored.
Key pressed, stopping explore.
HP restored.
You see here a rat corpse.
b - 3 potions of lignification (gained 2)
Found a short sword.
An endoplasm and a goblin come into view.
Found 10 gold pieces.
The goblin shouts!
There are monsters nearby!
There are monsters nearby!
There are monsters nearby!
A hobgoblin comes into view.
Found a scroll labelled ROVEM OVUF.
The endoplasm quivers.
The goblin hits you with a +0 club. The goblin hits you with a +0 club.
The endoplasm jiggles.
The goblin barely misses you. The goblin hits you with a +0 club.
The goblin closely misses you. The endoplasm misses you.
The goblin hits you with a +0 club. The endoplasm freezes you.
You are frozen.
The goblin barely misses you. The endoplasm barely misses you.
The hobgoblin shouts!
The goblin hits you but does no damage.
The endoplasm hits you but does no damage.
The goblin closely misses you. The endoplasm freezes you.
You are frozen.
* * * LOW HITPOINT WARNING * * *
The goblin barely misses you. The endoplasm freezes you.
You are frozen.
You die...

########.....###....
### #..............
..# #..............
..# #..........### #
..# #..........# #.#
..# #..........#
...# ..#
#..........# ....#
..#
#..........##......
..#
####+#####.@g......
.## #.#J♣).g#. .#
#..≈.. ≈?. .#
#.≈....≈ ≈ .#
#.≈≈≈♣..≈≈ .#
#.≈.≈≈≈... .#
#.≈≈≈$.♣.≈ .#
#........≈ ..


You could see an endoplasm, a hobgoblin and a goblin.

Vanquished Creatures
  2 goblins (D:1)
  A hobgoblin (D:1)
  3 jackals (D:1)
  A ball python (D:1)
  A frilled lizard (D:1)
  2 kobolds (D:1)
  A rat (D:1)
11 creatures vanquished.

Notes
Turn   | Place    | Note
-------+----------+-------------------------------------------
     0 | D:1      | Hubjo the Demonspawn Transmuter began the quest for the
                  | Orb.
     0 | D:1      | Reached XP level 1. HP: 15/15 MP: 3/3
   435 | D:1      | Discovered your monstrous ancestry.
   435 | D:1      | Lost mutation: You have a pair of horns on your head.
                  | [demonic ancestry]
   435 | D:1      | Lost mutation: You have a pair of small horns on your head.
                  | [demonic ancestry]
   435 | D:1      | Gained mutation: You have a pair of small antennae on your
                  | head. [demonic ancestry]
   435 | D:1      | Reached XP level 2. HP: 17/21 MP: 5/5
   590 | D:1      | Frozen to death by an endoplasm

Illustrated notes

Levels and vault maps discovered:
D:1:      minmay_arrival_widening_spiral_wide, layout_basic,
          chequers_serial_rivers_micro_a, chequers_serial_rivers_marsh

Skill      XL: |  1  2 |
---------------+-------+-----
Transmutations | 2 |  2.0
Fighting       | |  1.5
Dodging        | |  1.7
Stealth        | |  0.5
Unarmed Combat | |  2.8
Spellcasting   | |  2.1

Action                   || total
-------------------------++-------
Melee: Unarmed           ||    28
       Kick              ||     7
       Headbutt          ||     2
       Punch             ||     1
 Cast: Beastly Appendage ||    10
Armor: Robe              ||     9
Dodge: Dodged            ||    25

Table legend: (Time is in decaauts)
 A = Elapsed time spent in this place.
 B = Non-inter-level travel time spent in this place.
 C = Inter-level travel time spent in this place.
 D = Time resting spent in this place.
 E = Time spent auto-exploring this place.
 F = Levels seen in this place.
 G = Mean time per level.
                   A        B        C        D        E       F      G
               +--------+--------+--------+--------+--------+-----+--------+
         Total |    587 |    587 |      0 |      0 |    509 |   1 |  587.0 |
       Dungeon |    587 |    587 |      0 |      0 |    509 |   1 |  587.0 |
               +--------+--------+--------+--------+--------+-----+--------+

Top non-repeatable levels by time:
     D:1: 587 daAuts
